 Dungeon Crawl Stone Soup version 0.29-a0-284-gf9362112df (webtiles) character file.

Game seed: 11267529066911163306

35382 bande the Cleaver (level 13, -7/81 HPs)
             Began as a Gargoyle Fighter on Mar 31, 2022.
             Was a High Priest of Okawaru.
             Mangled by a boulder beetle (46 damage)
             ... on level 4 of the Lair of Beasts.
             The game lasted 00:32:44 (15599 turns).

bande the Cleaver (Gargoyle Fighter)               Turns: 15599, Time: 00:32:44

Health: -7/81      AC: 34    Str: 20    XL:     13   Next: 83%
Magic:  19/19      EV: 12    Int: 10    God:    Okawaru [*****.]
Gold:   739        SH: 11    Dex: 13    Spells: 12/12 levels left

rFire   + . .      SeeInvis .   a - +1 war axe (protect)
rCold   + + +      Faith    .   J - +0 kite shield
rNeg    + . .      Spirit   .   D - +3 scale mail of the Blind Marksman {Rampage rElec rC+++}
rPois   ∞          Reflect  .   o - +2 helmet
rElec   +          Harm     .   r - +0 cloak
rCorr   .          Rampage  +   t - +0 pair of gloves
Will    .....                   (no boots)
Stlth   +.........              e - amulet of regeneration
HPRegen 1.03/turn               q - +4 ring of evasion
MPRegen 0.16/turn               N - ring of flight

@: under a protective aura, flying
A: sickness immunity, AC +9, negative energy resistance 1, electricity
resistance, torment resistance 1, petrification resistance, camouflage 1, fire
resistance 1, subdued magic 1
a: Renounce Religion, Heroism, Finesse, Duel


You were on level 4 of the Lair of Beasts.
You worshipped Okawaru.
Okawaru was extremely pleased with you.
You visited 3 branches of the dungeon, and saw 15 of its levels.
You also visited: Bailey.

You collected 763 gold pieces.
You spent 24 gold pieces at shops.

Inventory:

Hand Weapons
 a - a +1 war axe of protection (weapon)
 A - a +0 broad axe
 K - a +2 flail of venom
Armour
 o - a +2 helmet (worn)
 r - a +0 cloak (worn)
 t - a +0 pair of gloves (worn)
 B - the +3 leather armour of Altruism {SInv}
   (You found it on level 5 of the Dungeon)

   SInv:      It lets you see invisible.
 C - a +1 chain mail of fire resistance
 D - the +3 scale mail of the Blind Marksman (worn) {Rampage rElec rC+++}
   (Okawaru gifted it to you on level 3 of the Lair of Beasts)

   rC:        It renders you almost immune to cold.
   rElec:     It insulates you from electricity.
   Rampage:   It bestows one free step when moving towards enemies.
 J - a +0 kite shield (worn)
 L - a +0 plate armour
Jewellery
 e - an amulet of regeneration (around neck)
 p - an amulet of reflection
 q - a +4 ring of evasion (left hand)
 I - an amulet of faith
 M - an amulet of the acrobat
 N - a ring of flight (right hand)
 R - a ring of resist corrosion
Wands
 b - a wand of polymorph (8)
 c - a wand of flame (24)
 n - a wand of paralysis (12)
 w - a wand of mindburst (22)
 x - a wand of charming (5)
 y - a wand of digging (7)
Scrolls
 j - a scroll of fear
 k - 2 scrolls of enchant armour
 s - 4 scrolls of blinking
 u - a scroll of identify
 z - a scroll of enchant weapon
Potions
 d - 3 potions of might
 f - a potion of resistance
 g - 4 potions of flight
 h - 3 potions of magic
 i - 2 potions of berserk rage
 l - 8 potions of brilliance
 m - 5 potions of mutation
 F - 5 potions of invisibility
 G - a potion of haste
 H - 2 potions of cancellation
 O - 2 potions of ambrosia
Miscellaneous
 v - a box of beasts
 E - a piece from Xom's chessboard (15/15)
 Q - a phial of floods


   Skills:
 + Level 9.7 Fighting
 + Level 12.9 Axes
 + Level 9.7 Armour
 - Level 0.3 Stealth
 + Level 10.2 Shields
 * Level 8.6 Invocations
 * Level 8.7 Evocations


You had 12 spell levels left.
You didn't know any spells.
Your spell library contained the following spells:

 Spells                   Type           Power      Damage    Failure   Level
 Beastly Appendage        Tmut           0%         N/A       88%         1
 Freeze                   Ice            0%         1d3       88%         1
 Blink                    Tloc           0%         N/A       96%         2
 Static Discharge         Conj/Air       0%         N/A       96%         2
 Wereblood                Tmut           0%         N/A       96%         2
 Confusing Touch          Hex            0%         N/A       99%         3
 Frozen Ramparts          Ice            0%         1d2       99%         3
 Lesser Beckoning         Tloc           0%         N/A       99%         3
 Spider Form              Tmut/Pois      0%         N/A       99%         3
 Hailstorm                Conj/Ice       0%         3d3       100%        4
 Lightning Bolt           Conj/Air       0%         1d11      100%        5
 Manifold Assault         Tloc           0%         N/A       100%        5
 Yara's Violent Unravell  Hex/Tmut       0%         3d3       100%        5
 Enfeeble                 Hex            0%         N/A       100%        7
 Storm Form               Tmut/Air       0%         N/A       100%        7
 Maxwell's Capacitive Co  Air            0%         ∞         100%        8


Dungeon Overview and Level Annotations

Branches:
Dungeon (10/15)            Temple (1/1) D:6            Lair (4/6) D:10
 Shoals (0/4) Lair:3        Snake (0/4) Lair:2          Orc (0/2) D:9
 Bailey (visited)

Altars:
Ashenzari
Cheibriados
Dithmenos
Elyvilon
Fedhas
Gozag
Hepliaklqana
Kikubaaqudgha
Makhleb
Nemelex Xobeh
Okawaru
Qazlal
Ru
Sif Muna
Trog
Uskayaw
Vehumet
Wu Jian
Xom
Yredelemnul
Zin
The Shining One

Shops:
D:6 !   D:10 =

Annotations:
D:9 exclusion: obsidian statue


Innate Abilities, Weirdness & Mutations

You are immune to sickness and miasma.
Your stone body is resilient. (AC +9)
You are immune to poison.
You resist negative energy. (rN+)
You are resistant to electric shocks. (rElec)
You are resistant to unholy torment.
You are immune to petrification.
Your skin changes colour to match your surroundings (Stealth+).
Your flesh is heat resistant. (rF+)
Your spells are a little easier to cast, but a little less powerful.


Message History

The boulder beetle bites you.
You hit the boulder beetle but do no damage.
The boulder beetle is severely wounded.
You block the boulder beetle's attack.
You hit the boulder beetle but do no damage.
The boulder beetle is severely wounded.
You block the boulder beetle's attack.
Unknown command.
You hit the boulder beetle.
The boulder beetle is severely wounded.
You block the boulder beetle's attack.
You hit the boulder beetle but do no damage.
The boulder beetle is severely wounded.
The boulder beetle leaps!
A boulder beetle is nearby!
The boulder beetle curls into a ball and begins rolling!
You hit the boulder beetle but do no damage.
The boulder beetle is severely wounded.
The boulder beetle hits you!!
The boulder beetle stops rolling and uncurls.
You hit the boulder beetle but do no damage.
The boulder beetle is severely wounded.
The boulder beetle leaps!
The boulder beetle curls into a ball and begins rolling!
You rampage towards the boulder beetle!
You hit the boulder beetle but do no damage.
The boulder beetle is severely wounded.
The boulder beetle hits you!!
The boulder beetle stops rolling and uncurls.
You slash the boulder beetle!
The boulder beetle is severely wounded.
The boulder beetle leaps!
You rampage towards the boulder beetle!
The boulder beetle curls into a ball and begins rolling!
You rampage towards the boulder beetle!
You hit the boulder beetle but do no damage.
The boulder beetle is severely wounded.
The boulder beetle hits you!!!
Ouch! That really hurt!
You die...

##...#..#......................
#........................#.#...
##................?.......##P##
#.......#................ ####
##...###................###.##
#..## ##.....................
#..# #.................####
##..#####........^........#### #
#....##......@............##.#
#####..P###.....B............#P..
........##.#....°................
.......###.#...$°................
........##.........#.#####P......
.......###..........## #.......
......## #.........## ##......
......# #...........# #.......
......# ##.........#######.......


You could see a boulder beetle (rolling).

Vanquished Creatures
  3 hydras
  14 death yaks
  Sonja (Lair:2)
  A deep elf pyromancer (D:10)
  3 elephants (Lair:3)
  2 black mambas
  12 cane toads
  A rime drake (Lair:4)
  10 komodo dragons
  A kobold demonologist (D:7)
  A troll (D:10)
  Grinder (D:3)
  6 polar bears
  A hornet (D:8)
  4 dream sheep (Lair:3)
  10 blink frogs (Lair:3)
  A shadow (D:9)
  A vampire (D:8)
  A spriggan (D:10)
  21 yaks
  4 wyverns
  A basilisk (Lair:1)
  A steam dragon (D:7)
  2 vampire mosquitoes (D:9)
  3 nagas (Lair:2)
  11 water moccasins
  An acid dragon (D:9)
  An orc warrior (Bailey)
  2 sky beasts
  2 black bears
  2 ice beasts (D:6)
  13 wolves
  3 centaurs
  3 ogres
  A phantom (D:5)
  2 kobold brigands (D:9)
  3 necrophages
  10 bullfrogs
  4 gnoll sergeants
  11 wights
  4 scorpions
  4 killer bees (D:10)
  7 electric eels
  10 hounds
  5 jellies
  3 orc priests
  A gnoll shaman (D:5)
  2 iguanas
  Ijyb (D:4)
  Natasha (thrice) (D:4)
  9 orc wizards
  A killer bee simulacrum (D:9)
  3 adders
  27 gnolls
  2 shadow imps
  5 white imps
  2 ufetubi
  2 worms
  A dart slug (D:1)
  45 orcs
  5 endoplasms
  7 giant cockroaches
  9 goblins
  8 hobgoblins
  A quokka (D:2)
  5 ball pythons
  6 bats
  2 frilled lizards (D:1)
  8 kobolds
  10 rats
373 creatures vanquished.

Vanquished Creatures (others)
  A gnoll (D:9)
  21 fungi
  30 plants
52 creatures vanquished.

Grand Total: 425 creatures vanquished

Notes
Turn   | Place    | Note
-------+----------+-------------------------------------------
     0 | D:1      | bande the Gargoyle Fighter began the quest for the Orb.
     0 | D:1      | Reached XP level 1. HP: 14/14 MP: 1/1
   119 | D:1      | Reached XP level 2. HP: 19/19 MP: 2/2
   316 | D:1      | Reached skill level 2 in Axes
   847 | D:2      | Reached XP level 3. HP: 23/23 MP: 3/3
  1502 | D:3      | Noticed Grinder
  1509 | D:3      | Paralysed by Grinder for 3 turns
  1521 | D:3      | Killed Grinder
  1522 | D:3      | Reached skill level 3 in Axes
  1522 | D:3      | Reached XP level 4. HP: 29/29 MP: 4/4
  1522 | D:3      | Reached XP level 5. HP: 33/33 MP: 5/5
  1522 | D:3      | Reached XP level 6. HP: 38/38 MP: 6/6
  1534 | D:3      | Found a faded altar of an unknown god.
  1608 | D:3      | Reached skill level 4 in Axes
  2564 | D:4      | Reached skill level 1 in Evocations
  2564 | D:4      | Reached XP level 7. HP: 42/43 MP: 7/7
  2568 | D:4      | Reached skill level 5 in Armour
  2627 | D:4      | Noticed Natasha
  2628 | D:4      | Found a stormy altar of Qazlal.
  2634 | D:4      | Killed Natasha
  2652 | D:4      | Noticed Natasha
  2657 | D:4      | Killed Natasha
  2661 | D:4      | Reached skill level 5 in Axes
  2728 | D:4      | Noticed Ijyb
  2744 | D:4      | Killed Ijyb
  2783 | D:4      | Noticed Natasha
  2788 | D:4      | Killed Natasha
  2880 | D:4      | Found a glowing silver altar of Zin.
  2881 | D:4      | Found a glowing golden altar of the Shining One.
  2881 | D:4      | Found a white marble altar of Elyvilon.
  2971 | D:4      | Found a glowing drain.
  3124 | D:5      | Entered Level 5 of the Dungeon
  3229 | D:5      | Reached XP level 8. HP: 48/48 MP: 8/8
  3244 | D:5      | Found a basalt altar of Yredelemnul.
  3330 | D:5      | Reached skill level 6 in Axes
  3655 | D:5      | Identified the +3 leather armour of Altruism {SInv}
  3743 | D:5      | Reached skill level 5 in Fighting
  3909 | D:6      | Found a bloodstained altar of Trog.
  3969 | D:6      | Reached skill level 7 in Axes
  4113 | D:6      | Reached skill level 5 in Shields
  4136 | D:6      | Reached XP level 9. HP: 47/54 MP: 9/9
  4264 | D:6      | Found a sacrificial altar of Ru.
  4576 | D:6      | Found a staircase to the Ecumenical Temple.
  4684 | Temple   | Entered the Ecumenical Temple
  4815 | D:6      | Found a hide-covered altar of Uskayaw.
  5040 | D:6      | Found Taisuepp's Distillery.
  5115 | D:6      | Bought 2 potions of degeneration for 24 gold pieces
  5235 | D:7      | Found a flagged portal.
  5252 | Bailey   | Entered a bailey
  5380 | Bailey   | Reached skill level 8 in Axes
  5668 | D:7      | Identified the +1 robe "Uremu" {rC+}
  5773 | D:7      | Gained mutation: Your spells are a little easier to cast,
                  | but a little less powerful. [potion of mutation]
  5773 | D:7      | Gained mutation: Your skin changes colour to match your
                  | surroundings (Stealth+). [potion of mutation]
  5773 | D:7      | Gained mutation: Your flesh is heat resistant. (rF+)
                  | [potion of mutation]
  6061 | D:7      | Noticed a kobold demonologist
  6064 | D:7      | Found an iron altar of Okawaru.
  6073 | D:7      | Noticed a hellwing
  6077 | D:7      | Noticed an orange demon
  6529 | D:7      | Noticed a hellwing
  6539 | D:7      | Killed a kobold demonologist
  6546 | D:7      | Became a worshipper of Warmaster Okawaru
  6652 | D:8      | Reached skill level 1 in Invocations
  6652 | D:8      | Reached XP level 10. HP: 49/61 MP: 10/10
  6655 | D:8      | Reached skill level 9 in Axes
  6670 | D:8      | Reached * piety under Okawaru
  6671 | D:8      | Reached skill level 5 in Evocations
  6892 | D:8      | Found a radiant altar of Vehumet.
  6909 | D:8      | Paralysed by something for 7 turns
  6920 | D:8      | Paralysed by something for 4 turns
  7511 | D:8      | Reached ** piety under Okawaru
  7542 | D:8      | HP: 2/61 [polar bear (3)]
  7551 | D:8      | HP: 2/61 [polar bear (12)]
  7826 | D:9      | Found a staircase to the Orcish Mines.
  7837 | D:9      | Found a shadowy altar of Dithmenos.
  8035 | D:9      | Reached *** piety under Okawaru
  8284 | D:9      | Reached skill level 10 in Axes
  8284 | D:9      | Reached XP level 11. HP: 35/67 MP: 13/13
  8915 | D:9      | Noticed an obsidian statue
  9103 | D:10     | Entered Level 10 of the Dungeon
  9169 | D:10     | Found a staircase to the Lair.
  9639 | D:10     | Found an ancient bone altar of Kikubaaqudgha.
  9879 | D:10     | Reached **** piety under Okawaru
  9922 | D:10     | Found Ykhufoa's Jewellery Shop.
  9975 | D:10     | Noticed a deep elf pyromancer
  9998 | D:10     | Killed a deep elf pyromancer
 10129 | Lair:1   | Entered Level 1 of the Lair of Beasts
 10161 | D:10     | Reached ***** piety under Okawaru
 10162 | D:10     | Reached skill level 5 in Invocations
 10649 | Lair:1   | Reached skill level 11 in Axes
 10813 | Lair:1   | You are sucked into a shaft and drop 1 floor!
 10813 | Lair:2   | Noticed a five-headed hydra
 10836 | Lair:2   | Killed a five-headed hydra
 10836 | Lair:2   | Received a gift from Okawaru
 10837 | Lair:2   | Reached XP level 12. HP: 36/73 MP: 14/16
 11003 | Lair:2   | Noticed Sonja
 11039 | Lair:2   | Killed Sonja
 11560 | Lair:2   | Noticed a death yak
 11570 | Lair:2   | Noticed a death yak
 11572 | Lair:2   | Noticed a death yak
 11575 | Lair:2   | Noticed a death yak
 11593 | Lair:1   | Killed a death yak
 11815 | Lair:2   | Noticed a death yak
 11839 | Lair:1   | Killed a death yak
 11958 | Lair:2   | Noticed a death yak
 11976 | Lair:1   | Killed a death yak
 12125 | Lair:1   | Killed a death yak
 12148 | Lair:1   | Killed a death yak
 12148 | Lair:1   | Received a gift from Okawaru
 12159 | Lair:1   | Killed a death yak
 12344 | Lair:2   | Found a staircase to the Snake Pit.
 12616 | Lair:2   | Identified the +2 flail "Gaimiroq" {vorpal, rElec rN+}
 13012 | Lair:3   | Noticed an eight-headed hydra
 13029 | Lair:3   | Killed an eight-headed hydra
 13168 | Lair:3   | Noticed a death yak
 13168 | Lair:3   | Noticed a death yak
 13170 | Lair:3   | Noticed a death yak
 13178 | Lair:3   | Reached skill level 12 in Axes
 13312 | Lair:3   | Reached XP level 13. HP: 80/80 MP: 18/18
 13833 | Lair:3   | Identified the +3 scale mail of the Blind Marksman {Rampage
                  | rElec rC+++} (Okawaru gifted it to you on level 3 of the
                  | Lair of Beasts)
 13833 | Lair:3   | Received a gift from Okawaru
 13924 | Lair:3   | Found a staircase to the Shoals.
 14862 | Lair:4   | Reached skill level 10 in Shields
 15168 | Lair:3   | HP: 2/80 [death yak (6)]
 15409 | Lair:3   | Received a gift from Okawaru
 15409 | Lair:3   | Found the +8 Wrath of Trog {antimagic, *Rage Rampage}
 15599 | Lair:4   | Mangled by a boulder beetle

Illustrated notes

Levels and vault maps discovered:
D:1:      dpeg_arrival_tiny_d, layout_basic
D:2:      layout_basic
D:3:      layout_basic, chequers_ecumenical_altar_simple_redux, uniq_grinder
D:4:      layout_basic, good_gods_temple_1, mainiacjoe_overflow_boulevard,
          portal_sewer_entry_e, uniq_ijyb, uniq_natasha
D:5:      layout_rooms, mainiacjoe_overflow_surrounded_room
D:6:      layout_basic, bloody_trog, nicolae_overflow_crystal_walls,
          mainiacjoe_overflow_24_doors, temple_doors_cd, serial_shops,
          nicolae_inconvenience_store
D:7:      layout_basic, okawaru_trees_2, enter_bailey_3, minmay_liquid_box
D:8:      layout_basic, nicolae_vehumet_radiance
D:9:      minmay_statue_hallways, layout_irregular_city,
          mainiacjoe_overflow_alcove_1, serial_ice, serial_ice_k, serial_ice_n,
          serial_ice_m, serial_ice_c, hangedman_abyss_or_decor_stagger
D:10:     layout_basic, overflow_temple_1_default, erik_lair_island,
          serial_shops, nicolae_shop_crystal, nicolae_water_bricks,
          hangedman_stone_soup
Temple:   cyrus_temple_forest
Lair:1:   layout_small_grid, minivault_24
Lair:2:   layout_cave_pods, minmay_snake_entry_guardpost_small,
          nicolae_quartered_pool_super, serial_bayou_shore_a,
          lemuel_fruit_fields, uniq_sonja
Lair:3:   layout_regular_city, shoals_dummy_entry, beast_lair_carwin_2
Lair:4:   layout_small_grid, dreamdust_deal_with_the_devil,
          infiniplex_staircase_pool, lemuel_fruit_tree

Skill      XL: |  1  2  3  4  5  6  7  8  9 10 11 12 13 |
---------------+----------------------------------------+-----
Axes           | 2 3 4 5 7 8 10 11 12 | 12.9
Fighting       | 4 5 6 7 8 9 |  9.7
Armour         | 4 5 6 7 8 9 |  9.7
Shields        | 4 5 6 8 9 10 | 10.2
Evocations     | 1 2 3 4 5 6 7 8 |  8.7
Invocations    | 1 3 5 7 8 |  8.6
Stealth        | |  0.3

Action                   |  1- 3 |  4- 6 |  7- 9 | 10-12 | 13-15 || total
-------------------------+-------+-------+-------+-------+-------++-------
Melee: War axe           |   114 |    49 |   433 |   991 |   521 ||  2108
       Flail             |       |       |       |    31 |    10 ||    41
Invok: Heroism           |       |       |       |     2 |     1 ||     3
Evoke: Wand              |       |       |       |     2 |       ||     2
  Use: Scroll            |     9 |       |     6 |     9 |     3 ||    27
       Potion            |       |       |     2 |    10 |     2 ||    14
 Stab: Invisible         |       |       |     1 |       |       ||     1
       Fleeing           |       |       |       |     1 |       ||     1
       Sleeping          |       |       |       |       |     1 ||     1
Armor: Scale mail        |    47 |     3 |       |       |   206 ||   256
       Chain mail        |       |     9 |   270 |   297 |       ||   576
       Plate armour      |       |       |       |   647 |    54 ||   701
Dodge: Dodged            |    66 |    28 |   251 |   531 |   224 ||  1100
Block: Buckler           |    30 |    12 |   151 |    19 |       ||   212
       Kite shield       |       |       |       |   680 |   297 ||   977

Table legend: (Time is in decaauts)
 A = Elapsed time spent in this place.
 B = Non-inter-level travel time spent in this place.
 C = Inter-level travel time spent in this place.
 D = Time resting spent in this place.
 E = Time spent auto-exploring this place.
 F = Levels seen in this place.
 G = Mean time per level.
                   A        B        C        D        E       F      G
               +--------+--------+--------+--------+--------+-----+--------+
         Total |  15888 |  15630 |    258 |   3123 |   7850 |  16 |  993.0 |
       Dungeon |  10103 |   9845 |    258 |   2061 |   5202 |  10 | 1010.3 |
        Temple |     86 |     86 |      0 |      0 |     48 |   1 |   86.0 |
          Lair |   5352 |   5352 |      0 |   1062 |   2451 |   4 | 1338.0 |
        Bailey |    344 |    344 |      0 |      0 |    149 |   1 |  344.0 |
               +--------+--------+--------+--------+--------+-----+--------+

Top non-repeatable levels by time:
  Lair:3: 1889 daAuts
  Lair:1: 1680 daAuts
     D:9: 1439 daAuts
     D:8: 1303 daAuts
     D:6: 1263 daAuts
     D:7: 1080 daAuts
  Lair:2: 1013 daAuts
    D:10: 994 daAuts
     D:4: 846 daAuts
     D:3: 845 daAuts
     D:5: 808 daAuts
     D:1: 806 daAuts
  Lair:4: 769 daAuts
     D:2: 716 daAuts
  Bailey: 344 daAuts
